 Dungeon Crawl Stone Soup version 0.20.1-1-g8b1a95d (console) character file.

4368 hilaritas the Grappler (level 10, 0/147 HPs)
             Began as a Troll Berserker on Aug 19, 2017.
             Was a High Priest of Trog.
             Slain by a wolf (5 damage)
             ... led by Grum
             ... on level 10 of the Dungeon.
             The game lasted 00:14:14 (6872 turns).

hilaritas the Grappler (Troll Berserker)            Turns: 6872, Time: 00:14:14

Health: 0/147      AC:  5    Str: 32    XL:     10   Next: 13%
Magic:  9/9        EV: 13    Int:  6    God:    Trog [*****.]
Gold:   253        SH:  3    Dex: 14    Spells: 9/9 levels left

rFire    . . .     SeeInvis +   a - +3 dire flail (curse)
rCold    . . .     Gourm    +   (shield currently unavailable)
rNeg     . . .     Faith    .   J - +0 robe (curse)
rPois    .         Spirit   .   (helmet restricted)
rElec    .         Reflect  +   h - scarf {cloud immunity}
rCorr    .         Harm     .   (gloves unavailable)
MR       ++...                  (boots unavailable)
Stlth    ..........             m - +3 amulet of reflection
Regen    1.8/turn               F - +5 ring of dexterity
MPRegen  0.2/turn               t - ring of see invisible

@: berserking (expiring), regenerating, drained, very quick
A: unfitting armour, claws 3, fast metabolism 3, gourmand, regeneration 1,
shaggy fur 1, tough skin 2
a: Berserk, Trog's Hand, Brothers in Arms, Burn Spellbooks, Renounce Religion


You were on level 10 of the Dungeon.
You worshipped Trog.
Trog was extremely pleased with you.
You were very hungry.

You visited 1 branch of the dungeon, and saw 10 of its levels.

You collected 627 gold pieces.
You spent 374 gold pieces at shops.

Inventory:

Hand Weapons
 a - a cursed +3 dire flail (weapon)
 e - a +1 club of freezing
 C - a +0 dire flail
Missiles
 d - 18 javelins (quivered)
 N - 4 large rocks
Armour
 h - a scarf of cloud immunity (worn)
 s - a +1 large shield
 J - a cursed +0 robe (worn)
Jewellery
 k - a +3 ring of protection
 m - a +3 amulet of reflection (around neck)
 t - a ring of see invisible (right claw)
 F - a +5 ring of dexterity (left claw)
Wands
 u - a wand of random effects (10/48)
 y - a wand of acid (7/15)
 A - a wand of disintegration (22/24)
 D - a wand of digging (6/24)
 K - a wand of polymorph (15/24)
 M - a wand of flame (26/48)
Scrolls
 c - 4 scrolls of identify
 f - a scroll of fog
 i - 4 scrolls of enchant weapon
 r - 4 scrolls of enchant armour
 w - 2 scrolls of teleportation
 x - a scroll of magic mapping
 E - 2 scrolls of fear
 I - a scroll of recharging
Potions
 g - a potion of magic
 j - 2 potions of haste {unknown}
 l - a potion of invisibility {unknown}
 p - 3 potions of brilliance {unknown}
 v - a potion of lignification {unknown}
 z - 2 potions of flight {unknown}
 B - a potion of might {unknown}
 G - a potion of heal wounds {unknown}
 H - 2 potions of curing
 L - a potion of degeneration {unknown}
Comestibles
 b - 4 bread rations
 n - 8 fruits
 o - a meat ration
 q - 6 royal jellies


   Skills:
 * Level 5.8 Fighting
 * Level 5.1(5.0) Armour
 + Level 6.0(5.9) Dodging
 - Level 10.2(10.1) Unarmed Combat


You had 9 spell levels left.
You didn't know any spells.

Dungeon Overview and Level Annotations

Branches:
Dungeon (9/15)             Temple (0/1) D:7
   Lair: D:8-11         Orc: D:9-12

Altars:
Ashenzari
Hepliaklqana
Kikubaaqudgha
Nemelex Xobeh
Xom

Shops:
D:4 }=:[

Annotations:
D:10 Snorg


Innate Abilities, Weirdness & Mutations

You are too large for most types of armour.
You have claws for hands.
Your metabolism is lightning-fast.
You like to eat raw meat.
Your natural rate of healing is unusually fast.
You are covered in fur. (AC +1)
You have very tough skin. (AC +2)


Message History

The wolf bites you.
* * * LOW HITPOINT WARNING * * *
You hammer Grum like a gong!!!
You kill Grum!
Trog accepts your kill. The wolf bites you.
* * * LOW HITPOINT WARNING * * *
The wolf closely misses you. The wolf misses you. The wolf closely misses you.
The wolf bites you.
* * * LOW HITPOINT WARNING * * *
The wolf closely misses you. The wolf bites you but does no damage.
The wolf bites you.
* * * LOW HITPOINT WARNING * * *
Unknown command.
You bludgeon the wolf!!
You kill the wolf!
Trog accepts your kill.
Your base Dodging skill increases to level 6!
The wolf closely misses you. The wolf bites you.
You die...

###.## ##.....##
#.......##
.#.#.....##
..#..)....#
.#........#
.........##
.........#### #..
........h@#.#....
........†!h......
..........)......
.................
>................
.................
.......#.........
...............#.
..#..#..........


You could see 2 wolves.

Vanquished Creatures
  The ghost of tidbits the Martial Artist, a novice DgTm (D:8)
  Prince Ribbit (D:6)
  A wyvern (D:8)
  Grum (D:10)
  Eustachio (D:6)
  A hungry ghost (D:9)
  A water moccasin (D:8)
  An orc warrior (D:8)
  A sky beast (D:5)
  A black bear (D:7)
  3 ogres
  2 phantoms
  2 wolves (D:10)
  A centaur (D:8)
  4 bullfrogs
  A big kobold (D:8)
  3 scorpions
  11 wights
  A crimson imp (D:8)
  2 quasits (D:8)
  2 centaur zombies
  2 bullfrog zombies (D:7)
  4 hounds
  2 orc priests (D:8)
  3 jellies
  An iguana (D:9)
  A bullfrog skeleton (D:7)
  2 centaur skeletons (D:7)
  7 worker ants
  2 killer bee zombies
  A hound zombie (D:6)
  A worker ant zombie (D:6)
  4 gnolls (D:5)
  9 adders
  4 shadow imps
  2 oozes
  An adder skeleton (D:8)
  3 worms
  5 dart slugs
  5 leopard geckos
  21 orcs
  4 giant cockroaches
  7 goblins
  8 hobgoblins
  11 jackals
  13 kobolds
  A quokka (D:4)
  A ball python skeleton (D:4)
  13 frilled lizards
  7 rats
187 creatures vanquished.

Notes
Turn   | Place    | Note
-------+----------+-------------------------------------------
     0 | D:1      | hilaritas the Troll Berserker began the quest for the Orb.
     0 | D:1      | Reached XP level 1. HP: 22/22 MP: 0/0
    94 | D:1      | Reached XP level 2. HP: 29/29 MP: 1/1
   216 | D:1      | Reached skill level 4 in Unarmed Combat
   833 | D:1      | Reached ** piety under Trog
   833 | D:1      | Reached XP level 3. HP: 35/36 MP: 2/2
  1629 | D:2      | Reached XP level 4. HP: 44/44 MP: 3/3
  1699 | D:3      | Reached skill level 5 in Unarmed Combat
  1979 | D:3      | Reached *** piety under Trog
  2108 | D:3      | Found a shimmering altar of Xom.
  2355 | D:3      | Reached XP level 5. HP: 46/50 MP: 4/4
  2541 | D:4      | Found Xaose's Jewellery Boutique.
  2587 | D:4      | Found Cimm's Gadget Boutique.
  2628 | D:4      | Found Pel Miaps's Book Boutique.
  2658 | D:4      | Reached skill level 6 in Unarmed Combat
  2915 | D:4      | Reached XP level 6. HP: 59/59 MP: 5/5
  3146 | D:4      | Found Wyte's Antique Armour Shoppe.
  3149 | D:4      | Bought a glowing scarf for 256 gold pieces
  3191 | D:5      | Entered Level 5 of the Dungeon
  3297 | D:5      | Reached skill level 7 in Unarmed Combat
  3585 | D:5      | Noticed a sky beast
  3592 | D:5      | Killed a sky beast
  3728 | D:5      | Reached skill level 8 in Unarmed Combat
  3728 | D:5      | Reached XP level 7. HP: 66/66 MP: 6/6
  3884 | D:5      | Found a shattered altar of Ashenzari.
  4298 | D:6      | Reached skill level 9 in Unarmed Combat
  4303 | D:6      | Noticed Prince Ribbit
  4313 | D:6      | Killed Prince Ribbit
  4714 | D:6      | Reached XP level 8. HP: 70/74 MP: 7/7
  4744 | D:6      | Noticed Eustachio
  4762 | D:6      | Killed Eustachio
  4762 | D:6      | Reached skill level 10 in Unarmed Combat
  4983 | D:7      | Found a staircase to the Ecumenical Temple.
  4986 | D:7      | Reached **** piety under Trog
  5006 | D:7      | Reached skill level 1 in Armour
  5567 | D:4      | Bought an embroidered robe for 118 gold pieces
  5785 | D:8      | Noticed tidbits's ghost (novice DgTm)
  5802 | D:8      | Killed tidbits's ghost
  5802 | D:8      | Reached XP level 9. HP: 71/85 MP: 8/8
  5847 | D:8      | Found a runed door.
  6097 | D:8      | Found a runed door.
  6194 | D:8      | Found an ancient bone altar of Kikubaaqudgha.
  6207 | D:8      | Found a hazy altar of Hepliaklqana.
  6213 | D:8      | Found a sparkling altar of Nemelex Xobeh.
  6445 | D:8      | Reached skill level 5 in Fighting
  6473 | D:8      | Reached skill level 5 in Dodging
  6637 | D:9      | Reached skill level 5 in Armour
  6756 | D:9      | Reached XP level 10. HP: 95/97 MP: 9/9
  6771 | D:9      | Reached ***** piety under Trog
  6843 | D:9      | You fall through a shaft!
  6843 | D:10     | Entered Level 10 of the Dungeon
  6855 | D:10     | Noticed Grum
  6860 | D:10     | Noticed Snorg
  6870 | D:10     | Killed Grum
  6871 | D:10     | HP: 3/147 [wolf[Grum] (6)]
  6872 | D:10     | Slain by a wolf

Skill      XL: |  1  2  3  4  5  6  7  8  9 10 |
---------------+-------------------------------+-----
Unarmed Combat | 4 5 6 8 9 10 | 10.2
Armour         | 3 5 |  5.1
Fighting       | 4 5 |  5.8
Dodging        | 4 5 6 |  6.0

Action                   |  1- 3 |  4- 6 |  7- 9 | 10-12 || total
-------------------------+-------+-------+-------+-------++-------
Melee: Unarmed           |   117 |   170 |   252 |    10 ||   549
       Punch             |       |     6 |    10 |       ||    16
       Dire flail        |       |       |       |    13 ||    13
Throw: Javelin           |       |       |     3 |       ||     3
Invok: Berserk           |       |       |     2 |     1 ||     3
       Trog's Hand       |       |       |     1 |     1 ||     2
       Burn Spellbooks   |       |       |     1 |       ||     1
  Use: Scroll            |       |    12 |     4 |       ||    16
 Stab: Sleeping          |       |     1 |     1 |       ||     2
  Eat: Chunk             |    20 |    16 |    35 |       ||    71
Armor: Animal skin       |    28 |    56 |    32 |       ||   116
       Robe              |       |       |    13 |     9 ||    22
Dodge: Dodged            |    63 |    72 |   109 |    40 ||   284
Block: Other             |       |     4 |    23 |     8 ||    35
       Reflection        |       |       |     1 |       ||     1
